 Dungeon Crawl Stone Soup version 0.18.1-2-ga659475 (webtiles) character file.

13441 shmeve the Fighter (level 11, -4/102 HPs)
             Began as a Pale Draconian Berserker on May 8, 2016.
             Was a High Priest of Trog.
             Slain by a troll (10 damage)
             ... on level 12 of the Dungeon.
             The game lasted 00:27:28 (10572 turns).

shmeve the Fighter (Pale Draconian Berserker)      Turns: 10572, Time: 00:27:29

Health: -4/102     AC: 13    Str: 22    XL:     11   Next: 75%
Magic:  3/3        EV: 16    Int:  8    God:    Trog [*****.]
Gold:   604        SH:  2    Dex: 11    Spells: 0 memorised, 10 levels left

rFire  . . .     SeeInvis .     T - +2 broad axe (antimagic)
rCold  . . .     Gourm    .     (armour unavailable)
rNeg   . . .     Faith    .     (no shield)
rPois  .         Spirit   .     Q - +0 hat
rElec  .         Dismiss  .     c - +1 cloak
rCorr  .         Reflect  +     l - +0 pair of gloves
SustAt .         Harm     .     N - +2 pair of boots
MR     .....                    m - +2 amulet of reflection
Stlth  +++.......               (no ring)
                                (no ring)

@: not resistant to hostile enchantments, fairly stealthy
A: breathe steam, unfitting armour, cold-blooded, AC +7
a: Breathe Steam, Berserk, Trog's Hand, Brothers in Arms, Burn Spellbooks,
Renounce Religion


You were on level 12 of the Dungeon.
You worshipped Trog.
Trog was extremely pleased with you.
You were very hungry.

You visited 1 branch of the dungeon, and saw 12 of its levels.
You also visited: Sewer and Ossuary.

You collected 604 gold pieces.

Inventory:

Hand Weapons
 T - a +2 antimagic broad axe (weapon)
Armour
 c - a +1 cloak (worn)
 l - a +0 pair of gloves (worn)
 N - a +2 pair of boots (worn)
 Q - a +0 hat (worn)
Jewellery
 m - a +2 amulet of reflection (around neck)
Wands
 a - a wand of enslavement (3/24)
 H - a wand of acid (10/15)
 K - a wand of flame (21/48)
 M - a wand of iceblast (8/15)
 O - a wand of confusion (23/48)
 U - a wand of iceblast (6/15)
Scrolls
 d - 4 scrolls of enchant armour {unknown}
 e - 2 scrolls of enchant weapon {unknown}
 f - 12 scrolls of identify
 k - 6 scrolls of teleportation
 o - 3 scrolls of noise
 w - a scroll of blinking {unknown}
 y - 2 scrolls of remove curse
 A - 2 scrolls of magic mapping {unknown}
 C - a scroll of silence {unknown}
 D - 3 scrolls of amnesia {unknown}
 G - a scroll of fog {unknown}
 I - a scroll of recharging {unknown}
 J - 2 scrolls of fear {unknown}
 P - a scroll of vulnerability {unknown}
Potions
 g - 5 potions of curing {unknown}
 h - 3 potions of flight {unknown}
 i - a potion of magic {unknown}
 j - 2 potions of degeneration {unknown}
 n - 2 potions of resistance {unknown}
 q - 2 potions of heal wounds {unknown}
 r - 2 potions of brilliance {unknown}
 s - 3 potions of invisibility {unknown}
 t - 2 potions of cure mutation {unknown}
 u - 2 potions of berserk rage {unknown}
 v - a potion of might {unknown}
 x - 4 potions of mutation {unknown}
 z - 2 potions of agility {unknown}
 F - a potion of cancellation {unknown}
 L - a potion of haste {unknown}
 R - a potion of lignification {unknown}
Comestibles
 b - 10 bread rations
 B - 2 meat rations
 S - a beef jerky


   Skills:
 * Level 11.3 Fighting
 * Level 10.6 Axes
 * Level 9.9 Dodging
 + Level 7.5 Stealth


You had 10 spell levels left.
You didn't know any spells.

Dungeon Overview and Level Annotations

Branches:
Dungeon (12/15)            Temple (0/1) D:4            Lair (0/8) D:10
    Orc (0/2) D:10

Altars:
Cheibriados
Elyvilon
Gozag
Nemelex Xobeh
Qazlal
Ru
Yredelemnul
The Shining One

Shops:
D:9 :   D:11 (


Innate Abilities, Weirdness & Mutations

You can breathe blasts of scalding, opaque steam.
Your pale cyan-grey scales are hard (AC +7).
Your body does not fit into most forms of armour.
You are cold-blooded and may be slowed by cold attacks.


Message History

The troll barely misses you.
You slash the troll!
Your tail-slap misses the troll.
The troll is severely wounded.
The troll closely misses you. The troll barely misses you.
The troll closely misses you.
You closely miss the troll.
The troll is severely wounded.
The troll closely misses you. The troll misses you.
The troll closely misses you.
You barely miss the troll.
The troll is severely wounded.
The troll bites you.
* * * LOW HITPOINT WARNING * * *
The troll closely misses you. The troll barely misses you.
You barely miss the troll.
The troll is severely wounded.
You feel less exhausted. The troll misses you.
The troll claws you but does no damage. The troll claws you!
You die...

...... #......# .....
.<....##......##.....
.....................
.......)...).........
......†(..)†=........
.##...##.(.).<#########
#.. #......# .......
... ##....(.##T......
... +......((@.......
.. #.......((....... .
#................
#......[##.......
######### .......
....... ....... .......


You could see a troll.

Vanquished Creatures
  Azrael (D:12)
  2 hill giants
  2 unseen horrors (D:11)
  A manticore (D:8)
  An ugly thing (D:11)
  Joseph (D:8)
  The ghost of sorlin the Cudgeler, a novice HuEn of Ru (D:3)
  A centaur skeleton (D:11)
  2 trolls
  6 slime creatures (D:11)
  Sigmund (D:3)
  10 yaks
  A basilisk (D:12)
  2 wyverns (D:8)
  2 fire elementals (D:12)
  2 hippogriffs (D:10)
  Grum (D:10)
  A steam dragon (D:9)
  Duvessa (D:7)
  6 hell hounds (D:12)
  A water moccasin (D:10)
  Purgy (Sewer)
  2 ice beasts
  An orc warrior (D:6)
  2 sky beasts
  4 centaurs
  An ogre (D:10)
  A phantom (D:4)
  3 wolves (D:10)
  A big kobold (D:12)
  A crocodile (D:9)
  5 giant frogs
  Dowan (D:7)
  5 water moccasin zombies (Ossuary)
  2 scorpions
  3 wights (D:7)
  3 crimson imps
  2 howler monkeys (D:5)
  A centaur zombie (D:11)
  3 giant frog zombies
  3 giant frog skeletons
  4 hounds
  2 jellies
  5 orc priests
  3 iguanas
  Natasha (thrice) (D:3)
  8 orc wizards
  2 worker ants
  A killer bee zombie (D:10)
  A big kobold zombie (Ossuary)
  A hound skeleton (D:7)
  2 mummies (Ossuary)
  A howler monkey zombie (D:9)
  13 adders
  A howler monkey skeleton (D:5)
  A river rat (D:6)
  3 shadow imps
  3 oozes
  7 adder zombies (Ossuary)
  5 worms
  3 dart slugs
  6 giant geckos
  24 orcs
  A ball python (D:6)
  7 giant cockroaches
  5 gnoll zombies (Ossuary)
  9 goblins
  5 hobgoblins
  9 jackals
  15 kobolds
  6 quokkas
  9 bats
  2 giant gecko skeletons (D:4)
  6 giant newts
  3 hobgoblin zombies (Ossuary)
  6 kobold zombies (Ossuary)
  6 orc zombies (Ossuary)
  A quokka zombie (D:5)
  11 rats
291 creatures vanquished.

Vanquished Creatures (others)
  A kobold (D:3)
  A plant (D:10)
2 creatures vanquished.

Grand Total: 293 creatures vanquished

Notes
Turn   | Place    | Note
--------------------------------------------------------------
     0 | D:1      | shmeve the Draconian Berserker began the quest for the Orb.
     0 | D:1      | Reached XP level 1. HP: 19/19 MP: 1/1
   116 | D:1      | Reached XP level 2. HP: 26/26 MP: 2/2
   378 | D:1      | Reached XP level 3. HP: 32/33 MP: 3/3
   398 | D:1      | Reached ** piety under Trog
   632 | D:1      | Reached skill level 1 in Stealth
   950 | D:2      | Found a basalt altar of Yredelemnul.
  1148 | D:2      | Found a glowing golden altar of the Shining One.
  1269 | D:2      | Found a stormy altar of Qazlal.
  1301 | D:2      | Reached XP level 4. HP: 38/40 MP: 4/4
  1870 | D:3      | Reached *** piety under Trog
  2097 | D:3      | Noticed Natasha
  2110 | D:3      | Killed Natasha
  2110 | D:3      | Reached skill level 4 in Fighting
  2300 | D:3      | Found a snail-covered altar of Cheibriados.
  2310 | D:3      | Found a white marble altar of Elyvilon.
  2498 | D:3      | Noticed Sigmund
  2503 | D:3      | Reached XP level 5. HP: 46/46 MP: 5/5
  2504 | D:3      | Killed Sigmund
  2504 | D:3      | Reached XP level 6. HP: 53/53 MP: 6/6
  2555 | D:3      | Noticed Natasha
  2573 | D:3      | Noticed sorlin's ghost (novice HuEn)
  2592 | D:3      | Killed sorlin's ghost
  2592 | D:3      | Reached skill level 5 in Fighting
  2592 | D:3      | Reached skill level 5 in Axes
  2592 | D:3      | Your scales start taking on a pale cyan-grey colour.
  2592 | D:3      | Reached XP level 7. HP: 61/61 MP: 7/7
  3005 | D:3      | Killed Natasha
  3041 | D:3      | Noticed Natasha
  3050 | D:3      | Killed Natasha
  3116 | D:4      | Reached skill level 5 in Dodging
  3458 | D:4      | Found a sand-covered staircase.
  3466 | Ossuary  | Entered an ossuary
  3729 | Ossuary  | Reached XP level 8. HP: 57/70 MP: 8/8
  3733 | Ossuary  | Reached skill level 6 in Fighting
  3994 | D:4      | Found a staircase to the Ecumenical Temple.
  4195 | D:5      | Entered Level 5 of the Dungeon
  4446 | D:5      | Reached **** piety under Trog
  4894 | D:6      | Found a glowing drain.
  4909 | Sewer    | Entered a sewer
  4960 | Sewer    | Noticed Purgy
  4965 | Sewer    | Killed Purgy
  5326 | D:6      | Reached skill level 7 in Fighting
  5523 | D:6      | Reached XP level 9. HP: 72/79 MP: 9/9
  6111 | D:7      | Found a stormy altar of Qazlal.
  6111 | D:7      | Noticed Duvessa
  6111 | D:7      | Noticed Dowan
  6117 | D:7      | Killed Duvessa
  6128 | D:7      | Killed Dowan
  6241 | D:7      | Reached skill level 5 in Stealth
  6295 | D:7      | Found a glowing golden altar of the Shining One.
  6444 | D:7      | Found a sacrificial altar of Ru.
  6483 | D:8      | Noticed a manticore
  6495 | D:8      | Killed a manticore
  6495 | D:8      | Reached skill level 8 in Fighting
  6742 | D:8      | Received a gift from Trog
  7180 | D:8      | Noticed Joseph
  7191 | D:8      | Killed Joseph
  7441 | D:8      | Found a sparkling altar of Nemelex Xobeh.
  7442 | D:8      | Found an opulent altar of Gozag.
  7571 | D:9      | Reached XP level 10. HP: 90/90 MP: 10/10
  7753 | D:9      | Reached ***** piety under Trog
  7756 | D:9      | Reached skill level 9 in Fighting
  8100 | D:9      | Found Qadogeut's Book Shop.
  8440 | D:10     | Entered Level 10 of the Dungeon
  8545 | D:10     | Found a staircase to the Orcish Mines.
  8718 | D:10     | Noticed Grum
  8730 | D:10     | Killed Grum
  8797 | D:10     | Reached skill level 10 in Fighting
  9016 | D:10     | Found a staircase to the Lair.
  9522 | D:11     | Killed an unseen horror
  9762 | D:11     | Found Fiabbuv's Antique Weapon Boutique.
  9881 | D:11     | Reached XP level 11. HP: 100/100 MP: 11/11
  9886 | D:11     | Noticed a hill giant
  9888 | D:11     | Noticed a cyan ugly thing
  9910 | D:11     | Killed a hill giant
  9969 | D:11     | Killed a cyan ugly thing
 10211 | D:11     | Reached skill level 10 in Axes
 10449 | D:11     | Killed an unseen horror
 10493 | D:12     | Noticed a hill giant
 10522 | D:12     | Killed a hill giant
 10522 | D:12     | Reached skill level 11 in Fighting
 10528 | D:12     | Noticed Azrael
 10529 | D:12     | Received a gift from Trog
 10542 | D:12     | Killed Azrael
 10572 | D:12     | Slain by a troll

Skill      XL: |  1  2  3  4  5  6  7  8  9 10 11 |
---------------+----------------------------------+-----
Dodging        | 3 4 5 6 7 8 9 |  9.9
Stealth        | 1 2 3 4 5 6 7 |  7.5
Fighting       | 4 5 7 8 10 11 | 11.3
Axes           | 4 5 6 8 9 10 | 10.6

Action                   |  1- 3 |  4- 6 |  7- 9 | 10-12 || total
-------------------------+-------+-------+-------+-------++-------
Melee: Hand axe          |   124 |   103 |   204 |       ||   431
       Tailslap          |    12 |    12 |    44 |    27 ||    95
       War axe           |       |       |   102 |   150 ||   252
       Broad axe         |       |       |       |     6 ||     6
Invok: Berserk           |       |     3 |     3 |     4 ||    10
       Trog's Hand       |       |     2 |     1 |     1 ||     4
       Burn Spellbooks   |       |       |     3 |     1 ||     4
 Abil: Breathe Steam     |       |       |    42 |    29 ||    71
  Use: Scroll            |       |       |       |     3 ||     3
 Stab: Sleeping          |     1 |     1 |     8 |     2 ||    12
       Distracted        |       |       |     1 |       ||     1
  Eat: Chunk             |     1 |     7 |    22 |     9 ||    39
       Beef jerky        |       |       |     2 |     1 ||     3
       Meat ration       |       |       |       |     1 ||     1
Armor: Skin              |    59 |    58 |   112 |    59 ||   288
Dodge: Dodged            |   102 |   103 |   252 |   179 ||   636
Block: Other             |       |     4 |    22 |    17 ||    43
       Reflection        |       |       |     1 |       ||     1
